 Dungeon Crawl Stone Soup version 0.18.1-50-g88ac8fd (webtiles) character file.

54406 Thael the Severer (level 14, -1/136 HPs)
             Began as a Minotaur Berserker on Oct 2, 2016.
             Was the Champion of Trog.
             Slain by a six-headed hydra (7 damage)
             ... on level 4 of the Swamp.
             The game lasted 01:43:48 (15154 turns).

Thael the Severer (Minotaur Berserker)             Turns: 15154, Time: 01:43:48

Health: -1/136     AC: 25    Str: 29    XL:     14   Next: 34%
Magic:  1/4        EV: 16    Int:  4    God:    Trog [******]
Gold:   917        SH:  8    Dex: 14    Spells: 0 memorised, 13 levels left

rFire  + . .     SeeInvis .     R - +9 broad axe (antimagic)
rCold  . . .     Gourm    .     o - +2 pearl dragon armour
rNeg   + . .     Faith    .     y - +0 buckler
rPois  .         Spirit   .     (helmet restricted)
rElec  .         Dismiss  .     H - +2 cloak
rCorr  .         Reflect  +     J - +1 pair of gloves {rF+}
SustAt .         Harm     .     Q - +0 pair of boots
MR     +....                    v - +3 amulet of reflection
Stlth  +.........               A - +3 ring of strength
                                b - ring "Yxoczasiw" {*Drain Dex+3 Slay+5 Stlth+}

@: lethally poisoned (-1 -> -1), exhausted, very slightly contaminated, slowed,
very slow, somewhat resistant to hostile enchantments, very unstealthy
A: retaliatory headbutt, horns 2
a: Berserk, Trog's Hand, Brothers in Arms, Burn Spellbooks, Renounce Religion


You were on level 4 of the Swamp.
You worshipped Trog.
Trog was exalted by your worship.
You were hungry.

You visited 3 branches of the dungeon, and saw 18 of its levels.
You also visited: Sewer and Volcano.

You collected 965 gold pieces.
You spent 48 gold pieces at shops.

Inventory:

Hand Weapons
 s - a +0 blowgun
 E - a +3 war axe of flaming
 R - a +9 antimagic broad axe (weapon)
Missiles
 g - 352 stones
 i - 89 poisoned needles
 j - 7 poisoned javelins
 u - 3 javelins (quivered)
 w - 11 tomahawks
 I - 7 curare-tipped needles
Armour
 o - a +2 pearl dragon armour (worn)
 y - a +0 buckler (worn)
 H - a +2 cloak (worn)
 J - a +1 pair of gloves of fire resistance (worn)
 Q - a +0 pair of boots (worn)
Jewellery
 b - the ring "Yxoczasiw" (left hand) {*Drain Dex+3 Slay+5 Stlth+}
   (You found it on level 5 of the Dungeon)

   [ring of dexterity]

   It affects your dexterity (+3).
   It affects your accuracy and damage with ranged weapons and melee attacks
   (+5).
   It causes draining when unequipped.
   It makes you more stealthy.
 k - an uncursed ring of see invisible
 r - an uncursed amulet of dismissal
 v - a +3 amulet of reflection (around neck)
 A - a +3 ring of strength (right hand)
 V - an uncursed ring of protection from fire
 Z - an uncursed ring of protection from magic
Wands
 p - a wand of lightning (5/15)
 q - a wand of disintegration (7/24)
 t - a wand of polymorph (11/24)
 L - a wand of hasting (6/9)
 P - a wand of iceblast (13/15)
 U - a wand of lightning (8/15)
 X - a wand of paralysis (8/24)
Scrolls
 a - a scroll of holy word
 B - 3 scrolls of teleportation
 C - a scroll of magic mapping
 D - 5 scrolls of remove curse
 G - 5 scrolls of identify
 N - a scroll of blinking
 W - a scroll of enchant weapon
Potions
 d - 3 potions of resistance
 e - 2 potions of curing
 f - 3 potions of brilliance
 h - a potion of cure mutation {unknown}
 m - 2 potions of magic {unknown}
 x - a potion of lignification {unknown}
 z - a potion of flight {unknown}
 F - a potion of might {unknown}
 K - 3 potions of agility
 M - a potion of beneficial mutation {unknown}
Miscellaneous
 l - a plain deck of wonders
 S - a fan of gales (inert)
Comestibles
 c - 11 bread rations
 n - 7 meat rations
 O - 10 royal jellies


   Skills:
 * Level 15.6 Fighting
 * Level 17.4 Axes
 + Level 1.2 Throwing
 * Level 13.1 Armour
 + Level 10.5 Dodging
 - Level 0.5 Stealth
 + Level 5.6 Shields
 + Level 0.5 Evocations


You had 13 spell levels left.
You didn't know any spells.

Dungeon Overview and Level Annotations

Branches:
Dungeon (9/15)             Temple (0/1) D:5            Lair (6/8) D:9
  Swamp (4/4) Lair:5
  Snake: Lair:3-6    Spider: Lair:3-6     Slime: Lair:6-8       Orc: D:9-12

Altars:
Makhleb
Qazlal
Ru
Vehumet
Yredelemnul
The Shining One

Shops:
D:6 }

Annotations:
Swamp:4 Mara


Innate Abilities, Weirdness & Mutations

You reflexively headbutt those who attack you in melee.
You have a pair of horns on your head.


Message History

The six-headed hydra barely misses you.
The six-headed hydra bites you but does no damage.
The six-headed hydra barely misses you.
The six-headed hydra bites you but does no damage.
Read which item? (? for menu, Esc to quit)
Blink to where?
Press: ? - help, Dir - move target cursor, p - six-headed hydra You are very lightly contaminated with residual magic.
As you read the scroll of blinking, it crumbles to dust.
You feel sick.
You feel sick.
You enter the shallow water.
Moving in this stuff is going to be slow.
You feel sick.
The six-headed hydra bites you but does no damage.
You block the six-headed hydra's attack.
The six-headed hydra misses you. x2
You block the six-headed hydra's attack.
The six-headed hydra bites you!
You die...

#≈.≈..≈.....≈.
#...!.≈..≈≈...
.≈......≈.♣..♣
♣♣♣..≈≈≈≈≈.≈≈.≈≈
♣♣♣..♣≈.≈≈≈§.≈≈.≈..
♣♣.≈≈..≈...≈...!...?
♣......≈....≈..≈♣
♣≈..♣.♣.♣≈≈.≈.♣♣
♣@♣♣♣....≈..§.♣
♣♣D♣≈♣≈.≈♣.♣.≈.♣
♣.≈.....♣♣♣....♣
♣..♣≈≈..♣ ♣♣..♣♣
♣...♣.§$♣♣ ♣♣♣♣
♣♣.♣♣♣.♣♣ ♣♣ ♣♣♣


You could see a six-headed hydra.

Vanquished Creatures
  The ghost of imphell the Fencer, an adept MiBe of Trog (Swamp:3)
  A thorn hunter (Swamp:3)
  12 hydras
  A ghost crab (Swamp:4)
  A centaur warrior (Volcano)
  7 alligators
  Erica (D:8)
  4 shambling mangroves
  The ghost of Tagedieb the Covert, a novice OpEn of Dithmenos (D:8)
  8 swamp dragons
  2 ugly things (Swamp:4)
  A griffon (Lair:3)
  2 black mambas
  12 spiny frogs
  A rime drake (Lair:5)
  A yaktaur (Volcano)
  3 komodo dragons
  A queen bee (Lair:3)
  2 giant leeches (Swamp:1)
  A polar bear (Lair:5)
  14 slime creatures
  11 blink frogs
  8 bog bodies
  The ghost of Schattenjager the Digger, an amateur FoEE (D:3)
  A shadow (Swamp:2)
  5 spriggans
  A wyvern (Lair:5)
  6 yaks
  15 vampire mosquitoes
  8 hippogriffs
  Menkaure (D:7)
  14 swamp worms
  8 water moccasins
  6 porcupines
  Duvessa (D:7)
  2 hell hounds (D:9)
  5 swamp drakes
  10 wasps
  A phantom (D:8)
  5 ice beasts
  4 ogres
  9 centaurs
  4 crocodiles
  6 big kobolds
  11 giant frogs
  Dowan (D:7)
  7 scorpions
  25 killer bees (Lair:3)
  9 wights
  2 jellies (D:8)
  7 crimson imps
  A hound (D:4)
  5 orc wizards
  Crazy Yiuf (D:3)
  2 orc priests
  A giant frog skeleton (D:6)
  13 iguanas
  5 worker ants
  5 sheep (Lair:2)
  2 hound zombies
  A hound skeleton (D:7)
  6 gnolls
  32 river rats
  4 adders
  2 shadow imps
  6 oozes
  An adder zombie (D:7)
  An adder skeleton (D:6)
  6 worms
  4 dart slugs
  A giant gecko (D:7)
  9 orcs
  6 ball pythons
  5 giant cockroaches
  3 goblins (D:1)
  6 hobgoblins
  6 jackals
  3 quokkas
  A giant gecko zombie (D:7)
  3 giant newts
  3 goblin skeletons (D:5)
  3 goblin zombies (D:5)
  A hobgoblin zombie (D:5)
  13 kobolds
  2 orc skeletons (D:5)
  2 orc zombies (D:5)
  A quokka zombie (D:7)
  13 rats
  8 briar patches (Swamp:3)
  3 fungi
  7 plants
468 creatures vanquished.

Vanquished Creatures (collateral kills)
  A spiny frog (Swamp:2)
  A shadow (Swamp:4)
2 creatures vanquished.

Vanquished Creatures (others)
  A swamp worm (Swamp:4)
  3 swamp drakes
  6 fungi (Swamp:4)
  6 plants
  7 toadstools (Swamp:3)
23 creatures vanquished.

Grand Total: 493 creatures vanquished

Notes
Turn   | Place    | Note
--------------------------------------------------------------
     0 | D:1      | Thael the Minotaur Berserker began the quest for the Orb.
     0 | D:1      | Reached XP level 1. HP: 19/19 MP: 0/0
    47 | D:1      | Reached XP level 2. HP: 12/27 MP: 1/1
   675 | D:1      | Reached ** piety under Trog
   805 | D:2      | Found a basalt altar of Yredelemnul.
   826 | D:2      | Reached skill level 4 in Axes
   826 | D:2      | Reached XP level 3. HP: 31/34 MP: 2/2
   848 | D:3      | Found a faded altar to an unknown god.
   931 | D:3      | Noticed Schattenjager's ghost (amateur FoEE)
   942 | D:3      | Killed Schattenjager's ghost
   942 | D:3      | Reached skill level 5 in Fighting
   942 | D:3      | Reached skill level 5 in Axes
   942 | D:3      | Reached XP level 4. HP: 42/42 MP: 3/3
   942 | D:3      | Reached XP level 5. HP: 49/49 MP: 4/4
  1011 | D:3      | Noticed Crazy Yiuf
  1017 | D:3      | Killed Crazy Yiuf
  1087 | D:3      | Reached XP level 6. HP: 56/57 MP: 5/5
  1268 | D:4      | Found a burning altar of Makhleb.
  1298 | D:4      | Found a basalt altar of Yredelemnul.
  1546 | D:4      | Found a stormy altar of Qazlal.
  1607 | D:4      | Found a glowing drain.
  1614 | Sewer    | Entered a sewer
  1707 | Sewer    | Reached *** piety under Trog
  1730 | Sewer    | Reached skill level 6 in Axes
  1730 | Sewer    | Reached XP level 7. HP: 48/64 MP: 6/6
  2236 | Sewer    | Reached skill level 5 in Armour
  2751 | D:4      | You fall through a shaft!
  2751 | D:5      | Entered Level 5 of the Dungeon
  2777 | D:5      | Found a glowing golden altar of the Shining One.
  2816 | D:5      | Reached XP level 8. HP: 27/73 MP: 7/7
  3128 | D:5      | Reached skill level 5 in Dodging
  3290 | D:5      | Got a translucent gossamer ring
  3445 | D:5      | Found a staircase to the Ecumenical Temple.
  3509 | D:5      | Found a radiant altar of Vehumet.
  3719 | D:5      | Reached skill level 7 in Axes
  3840 | D:6      | Found Peitz's Quality Used Wands.
  3860 | D:6      | Bought a wand of disintegration (0/24) for 48 gold pieces
  3871 | D:6      | Reached **** piety under Trog
  3953 | D:6      | Found a sacrificial altar of Ru.
  4307 | D:6      | Reached skill level 8 in Axes
  4319 | D:6      | Reached XP level 9. HP: 69/82 MP: 8/8
  4834 | D:7      | Reached skill level 9 in Axes
  4870 | D:7      | Noticed Menkaure
  4882 | D:7      | Reached ***** piety under Trog
  4893 | D:7      | Killed Menkaure
  5510 | D:7      | Noticed Duvessa
  5514 | D:7      | Noticed Dowan
  5515 | D:7      | Killed Duvessa
  5518 | D:7      | Killed Dowan
  5766 | D:7      | Received a gift from Trog
  5851 | D:7      | Reached skill level 1 in Shields
  5868 | D:8      | Noticed Erica
  5898 | D:8      | Noticed Tagedieb's ghost (novice OpEn)
  5919 | D:8      | Killed Tagedieb's ghost
  5919 | D:8      | Reached skill level 10 in Axes
  5919 | D:8      | Reached XP level 10. HP: 83/93 MP: 9/9
  5946 | D:8      | Killed Erica
  5946 | D:8      | Reached skill level 10 in Fighting
  6286 | D:9      | Found a staircase to the Lair.
  6515 | D:9      | Identified the ring "Yxoczasiw" {*Drain Dex+3 Slay+5 Stlth+} (You found it on level 5 of the Dungeon)
  6526 | D:9      | Reached skill level 11 in Axes
  6563 | D:9      | Identified a scroll of acquirement
  6564 | D:9      | Got a vibrating golden ring
  6566 | D:9      | Identified the ring of Wemo {rElec rPois Dex+4} (You acquired it on level 9 of the Dungeon)
  6650 | Lair:1   | Entered Level 1 of the Lair of Beasts
  7079 | Lair:1   | Found a dark tunnel.
  7084 | Volcano  | Entered a volcano
  7111 | Volcano  | Found a radiant altar of Vehumet.
  7112 | Volcano  | Noticed a centaur warrior
  7131 | Volcano  | Killed a centaur warrior
  7586 | Lair:1   | Reached XP level 11. HP: 102/102 MP: 10/10
  7796 | Lair:1   | Reached skill level 12 in Axes
  7796 | Lair:1   | Reached skill level 10 in Armour
  8102 | Lair:2   | Received a gift from Trog
  8817 | Lair:2   | Noticed a six-headed hydra
  8823 | Lair:2   | Killed a three-headed hydra
  9041 | Lair:2   | Reached skill level 13 in Axes
  9446 | Lair:3   | Noticed a griffon
  9453 | Lair:3   | Killed a griffon
  9639 | Lair:3   | Received a gift from Trog
  9641 | Lair:3   | Reached XP level 12. HP: 113/113 MP: 11/11
  9658 | Lair:3   | Reached skill level 14 in Axes
 10206 | Lair:3   | You fall through a shaft for 3 floors!
 10246 | Lair:5   | Noticed a five-headed hydra
 10260 | Lair:5   | Killed a nine-headed hydra
 10303 | Lair:5   | Found a staircase to the Swamp.
 10336 | Swamp:1  | Entered Level 1 of the Swamp
 10665 | Swamp:1  | Reached skill level 15 in Axes
 10922 | Swamp:1  | Noticed an alligator
 10933 | Swamp:1  | Killed an alligator
 11242 | Swamp:1  | Noticed an alligator
 11246 | Swamp:1  | Killed an alligator
 11331 | Swamp:1  | Reached XP level 13. HP: 75/124 MP: 4/12
 12526 | Swamp:2  | Reached skill level 16 in Axes
 12747 | Swamp:2  | Reached ****** piety under Trog
 13496 | Swamp:3  | Noticed imphell's ghost (adept MiBe)
 13513 | Swamp:3  | Killed imphell's ghost
 13521 | Swamp:3  | Reached skill level 15 in Fighting
 13653 | Swamp:3  | Noticed a thorn hunter
 13664 | Swamp:3  | Killed a thorn hunter
 13664 | Swamp:3  | Reached skill level 10 in Dodging
 13991 | Swamp:3  | Reached skill level 17 in Axes
 14308 | Swamp:3  | Reached XP level 14. HP: 107/135 MP: 4/13
 14560 | Swamp:4  | Entered Level 4 of the Swamp
 14599 | Swamp:4  | Reached skill level 5 in Shields
 14600 | Swamp:4  | Reached skill level 1 in Throwing
 14632 | Swamp:4  | HP: 4/135 [six-headed hydra (7)]
 14638 | Swamp:4  | Received a gift from Trog
 15110 | Swamp:4  | Noticed Mara
 15121 | Swamp:4  | Noticed Thael's illusion
 15123 | Swamp:4  | Received a gift from Trog
 15150 | Swamp:4  | HP: 6/136 [poisoned by Mara]
 15154 | Swamp:4  | Slain by a six-headed hydra

Skill      XL: |  1  2  3  4  5  6  7  8  9 10 11 12 13 14 |
---------------+-------------------------------------------+-----
Fighting       | 4 5 6 7 8 9 11 12 14 15 | 15.6
Axes           | 4 5 6 8 10 11 13 15 17 | 17.4
Armour         | 3 4 5 7 8 9 10 11 12 13 | 13.1
Dodging        | 3 4 5 6 7 8 9 10 | 10.5
Shields        | 1 2 3 4 5 |  5.6
Throwing       | 1 |  1.2
Stealth        | |  0.5
Evocations     | |  0.5

Action                   |  1- 3 |  4- 6 |  7- 9 | 10-12 | 13-15 || total
-------------------------+-------+-------+-------+-------+-------++-------
Melee: Hand axe          |    56 |    76 |   336 |       |       ||   468
       Headbutt          |     6 |    13 |    76 |    92 |    99 ||   286
       War axe           |       |       |    51 |   294 |       ||   345
       Broad axe         |       |       |       |   124 |   306 ||   430
Throw: Stone             |       |       |       |     1 |     9 ||    10
       Javelin           |       |       |       |       |     5 ||     5
Invok: Berserk           |     2 |     1 |     4 |     7 |     8 ||    22
       Burn Spellbooks   |       |       |       |     3 |       ||     3
       Trog's Hand       |       |       |       |     1 |     1 ||     2
Evoke: Fan of gales      |       |       |       |       |     2 ||     2
       Wand              |       |       |       |       |     2 ||     2
  Use: Scroll            |     4 |     2 |     9 |     8 |     7 ||    30
       Potion            |       |       |       |     6 |     5 ||    11
 Stab: Invisible         |       |       |     1 |       |       ||     1
  Eat: Chunk             |     1 |     5 |    17 |    25 |    13 ||    61
       Beef jerky        |       |       |       |     1 |       ||     1
       Fruit             |       |       |       |       |     4 ||     4
       Royal jelly       |       |       |       |       |     2 ||     2
Armor: Animal skin       |     4 |       |       |       |       ||     4
       Ring mail         |    19 |    23 |    34 |       |       ||    76
       Pearl dragon armo |       |       |    88 |   189 |   316 ||   593
Dodge: Dodged            |    23 |    33 |   187 |   242 |   359 ||   844
Block: Buckler           |       |       |    24 |    88 |   121 ||   233
